 Dungeon Crawl Stone Soup version 0.27.0-1-g7a089689b8 (webtiles) character file.

Game seed: 16735781971296967103

35 jazmu the Skirmisher (level 3, -1/30 HPs)
             Began as a Human Monk on Aug 15, 2021.
             Slain by an adder (3 damage)
             ... on level 1 of the Dungeon.
             The game lasted 00:02:12 (1479 turns).

jazmu the Skirmisher (Human Monk)                   Turns: 1479, Time: 00:02:13

Health: -1/30      AC:  2    Str: 12    XL:     3   Next: 55%
Magic:  3/3        EV: 13    Int: 10    God:
Gold:   41         SH:  0    Dex: 15    Spells: 2/2 levels left

rFire    . . .     SeeInvis .   a - +0 hand axe
rCold    . . .     Faith    +   (no shield)
rNeg     . . .     Spirit   .   b - +0 robe
rPois    .         Reflect  .   (no helmet)
rElec    .         Harm     .   (no cloak)
rCorr    .         Rampage  .   (no gloves)
Will     .....                  (no boots)
Stlth    ++........             d - amulet of faith
HPRegen  0.10/turn              (no ring)
MPRegen  0.08/turn              (no ring)

@: no status effects
A: no striking features
a: no special abilities


You were on level 1 of the Dungeon.
You visited 1 branch of the dungeon, and saw 2 of its levels.

You collected 61 gold pieces.
You spent 20 gold pieces at shops.

Inventory:

Hand Weapons
 a - a +0 hand axe (weapon)
Armour
 b - a +0 robe (worn)
Jewellery
 d - an amulet of faith (around neck)
Scrolls
 c - 4 scrolls of identify
 e - 3 scrolls of torment


   Skills:
 + Level 3.7 Fighting
 + Level 3.7 Axes
 - Level 3.0 Dodging
 - Level 2.0 Stealth


You had 2 spell levels left.
You didn't know any spells.
Your spell library contained the following spells:

 Spells                   Type           Power      Damage    Failure   Level
 Fireball                 Conj/Fire      0%         3d3       100%        5
 Starburst                Conj/Fire      0%         8x6d3     100%        6
 Ignition                 Fire           0%         3d3       100%        8


Dungeon Overview and Level Annotations

Branches:
Dungeon (2/15)

Altars:

Shops:
D:1 ?

Annotations:
D:2 Robin


Message History

You hit the adder.
The adder is heavily wounded.
The adder bites you. x2
You hit the adder but do no damage.
The adder is heavily wounded.
The adder bites you.
You are poisoned.
The adder poisons you!
You barely miss the adder.
The adder is heavily wounded.
You feel sick. The adder bites you.
You barely miss the adder.
The adder is heavily wounded.
You feel sick. The adder closely misses you. The adder bites you.
You barely miss the adder.
The adder is heavily wounded.
You feel sick. The adder closely misses you.
You miss the adder.
The adder is heavily wounded.
You feel sick. The adder barely misses you. The adder bites you.
* * * LOW HITPOINT WARNING * * *
You completely miss the adder.
The adder is heavily wounded.
You feel sick. The adder completely misses you.
Unknown command.
It was a potion of cancellation.
You feel magically purged.
You feel sick.
You are no longer poisoned.
The adder closely misses you. The adder bites you.
* * * LOW HITPOINT WARNING * * *
You aren't carrying any items that you can evoke.
You barely miss the adder.
The adder is heavily wounded.
The adder misses you.
You hit the adder but do no damage.
The adder is heavily wounded.
The adder bites you but does no damage.
You closely miss the adder.
The adder is heavily wounded.
The adder barely misses you. The adder bites you.
You die...

###.####.........#.###.### #...
#.# #.......#.##.#....#####...
###.####.......#.##..#...........
.......#.......#.##.#............
.##..#.#.........................
.....#.#.......#.......#.#####...
..##.#.#.....(...##.......# ##...
..##.#.#########.##.##.##.# #.)..
.......# #@##.....#.# #+#..
.)...###########S##.##.#..###.###
#.##......##.)........###.[#♣.≈P#
#.##.####.##.#####.....#...'.<≈P#
#...............##..###.####♣.≈P#
####.####.##.##.....###.### #.###
####.####.##.#####........# #+###
..........##.#####..#####.# #....
############........# ###.###....


You could see an adder.

Vanquished Creatures
  A dart slug (D:1)
  4 endoplasms (D:1)
  2 giant cockroaches (D:1)
  2 goblins (D:1)
  6 hobgoblins (D:1)
  3 jackals (D:1)
  2 kobolds (D:1)
  A quokka (D:1)
  2 bats (D:1)
  3 frilled lizards (D:1)
  3 rats (D:1)
29 creatures vanquished.

Vanquished Creatures (others)
  2 plants (D:1)
2 creatures vanquished.

Grand Total: 31 creatures vanquished

Notes
Turn   | Place    | Note
-------+----------+-------------------------------------------
     0 | D:1      | jazmu the Human Monk began the quest for the Orb.
     0 | D:1      | Reached XP level 1. HP: 18/18 MP: 1/1
   119 | D:1      | Reached XP level 2. HP: 8/24 MP: 2/2
   588 | D:1      | Reached XP level 3. HP: 10/29 MP: 3/3
   831 | D:1      | Found Qirchux's Magic Scroll Emporium.
   875 | D:1      | Bought a scroll of identify for 20 gold pieces
  1464 | D:2      | Noticed Robin
  1479 | D:1      | Slain by an adder

Illustrated notes

Levels and vault maps discovered:
D:1:      tarquinn_simple_flora_water_e, layout_loops_cross, serial_shops,
          nicolae_shop_competitors_out_of_business
D:2:      layout_basic, hellmonk_ecumenical_altar_defaced_shrine, serial_shops,
          nicolae_shop_statue_plus, shop, shop, shop,
          chequers_serial_rivers_large_a, uniq_sigmund, uniq_crazy_yiuf_cottage,
          uniq_robin

Action                   || total
-------------------------++-------
Melee: Hand axe          ||   111
  Use: Scroll            ||     1
       Potion            ||     1
 Stab: Sleeping          ||     2
Armor: Robe              ||    12
Dodge: Dodged            ||    81
